 Dungeon Crawl Stone Soup version bcrawl-1.27.3 (webtiles) character file.

Game seed: 6749618458837935388

393354 MisterOstroum the Frost Mage (level 16, -22/171 HPs)
             Began as a Demonspawn Ice Elementalist on Oct 9, 2020.
             Was a High Priest of Sif Muna.
             Annihilated by an earth elemental (28 damage)
             ... on level 1 of the Elven Halls on Oct 12, 2020.
             The game lasted 02:06:17 (33819 turns).

MisterOstroum the Frost Mage (DsIE)                Turns: 33819, Time: 02:06:18

Health: -22/171    AC: 15    Str:  9    XL:     16   Next: 21%
Magic:  0/28       EV: 15    Int: 22    God:    Sif Muna [*****.]
Gold:   1089       SH:  0    Dex: 15    Spells: 6/31 levels left

rFire    + . .     SeeInvis .   c - staff of conjuration
rCold    . . .     Gourm    .   (no shield)
rNeg     . . .     Faith    .   n - +1 ring mail {MR+}
rPois    +         Spirit   +   R - +2 hat
rElec    .         Reflect  .   p - +0 cloak
rCorr    .         Harm     .   W - +2 pair of gloves
MR       ++...                  (boots unavailable)
Stlth    ++........             G - amulet of Vitality {Regen HP+25}
HPRegen  0.38/turn              D - ring of protection from fire
MPRegen  0.21/turn              o - ring of poison resistance

@: about to teleport, divine energy
A: talons 3, yellow scales 2, demonic guardian 2, robust 2, magic shield
a: Stop Divine Energy, Channel Magic, Forget Spell, Renounce Religion


You were on level 1 of the Elven Halls.
You worshipped Sif Muna.
Sif Muna was extremely pleased with you.
You were not hungry.

You visited 7 branches of the dungeon, and saw 26 of its levels.
You also visited: Bailey and Gauntlet.

You collected 2263 gold pieces.
You spent 1174 gold pieces at shops.

Inventory:

Hand Weapons
 a - a +5 rapier of electrocution
 b - a +0 blowgun
 q - the +9 staff of Olgreb {rPois}
   (You found it on level 9 of the Dungeon)

   It protects you from poison.
 r - the +0 dagger of Charity {pierce, rElec MR+}
   (You found it on level 1 of the Spider Nest)

   It will always inflict at least some extra damage.
   This minimum extra damage increases with your current reserve of magical
   power.
   It insulates you from electricity.
   It affects your resistance to hostile enchantments.
Missiles
 C - 524 poisoned tomahawks (quivered)
 L - 3 throwing nets {=f!f}
 S - 233 tomahawks of dispersal {=f}
 Z - 124 curare-tipped needles
Armour
 n - a +1 ring mail of magic resistance (worn)
 p - a +0 cloak (worn)
 R - a +2 hat (worn)
 W - a +2 pair of gloves (worn)
Magical Staves
 c - an uncursed staff of conjuration (weapon)
Jewellery
 o - a ring of poison resistance (right hand)
 D - a ring of protection from fire (left hand)
 G - the amulet of Vitality (around neck) {Regen HP+25}
   (You found it on level 4 of the Dungeon)

   [amulet of regeneration]

   It affects your health (+25).
 K - the ring of Zoz Genn {Ice rN+}
   (You found it on level 1 of the Swamp)

   [ring of ice]

   It enhances your ice magic.
   It makes you vulnerable to fire.
   It protects you from cold.
   It protects you from negative energy.
 P - a cursed ring of ice
 T - an uncursed ring of resist corrosion
 Y - an uncursed ring of protection from cold
Wands
 f - a wand of flame (63)
 x - a wand of digging (9)
 H - a wand of iceblast (23)
 I - a wand of acid (14)
 N - a wand of polymorph (10)
 U - a wand of enslavement (14)
Scrolls
 d - 13 scrolls of teleportation {@r3 !r}
 g - 4 scrolls of fog {!r}
 h - 12 scrolls of remove curse {@r2}
 s - a scroll of enchant armour
 t - 6 scrolls of magic mapping {@r5 !r}
 z - 5 scrolls of immolation
 Q - 7 scrolls of fear {!r}
Potions
 i - 5 potions of mutation
 m - 3 potions of magic
 u - 4 potions of brilliance
 v - 4 potions of haste {@q4 !q}
 w - 4 potions of lignification {@q6}
 B - 4 potions of might {@q3 !q}
 E - 2 potions of invisibility
 F - 3 potions of berserk rage
 J - 2 potions of curing {@q1 !q}
 M - 3 potions of heal wounds {@q2 !q}
 O - 3 potions of flight
 V - a potion of agility {@q5 !q}
Miscellaneous
 j - a phial of floods (inert)
 k - a fan of gales (2/2)
 A - a box of beasts
 X - a lamp of fire (inert)
Comestibles
 e - 48 rations {!d}
 l - 2 chunks of flesh


   Skills:
 - Level 10.0 Fighting
 - Level 10.0 Short Blades
   Level 3.6 Slings
 + Level 3.1 Armour
 - Level 9.1 Dodging
 - Level 4.7 Stealth
 - Level 8.1 Spellcasting
 * Level 9.2 Conjurations
 - Level 6.4 Charms
 - Level 9.8 Summonings
 - Level 4.4 Transmutations
 * Level 10.6 Ice Magic
 - Level 4.1 Air Magic
 - Level 8.1 Invocations
 + Level 6.8 Evocations


You had 6 spell levels left.
You knew the following spells:

 Your Spells              Type           Power        Failure   Level  Hunger
a - Freeze                Ice            ######       1%          1    None
b - Throw Icicle          Conj/Ice       ######..     3%          4    None
c - Ozocubu's Armour      Chrm/Ice       #####...     1%          3    None
d - Summon Ice Beast      Ice/Summ       ######..     2%          4    ###....
e - Call Canine Familiar  Summ           ######..     1%          3    None
f - Ice Form              Ice/Tmut       #####...     9%          4    ###....
g - Freezing Cloud        Ice/Air        #####.....   80%         6    ######.

Your spell library contained the following spells:

 Spells                   Type           Power        Failure   Level  Hunger
 Summon Butterflies       Summ           ######..     1%          1    None
 Summon Small Mammal      Summ           ####         1%          1    None
 Call Imp                 Summ           ######       1%          2    None
 Song of Slaying          Chrm           #####...     1%          2    None
 Throw Frost              Conj/Ice       ######       1%          2    None
 Flame Tongue             Conj/Fire      #####        3%          1    None
 Sting                    Conj/Pois      ####         3%          1    None
 Ensorcelled Hibernation  Hex/Ice        ####..       3%          2    None
 Swiftness                Chrm/Air       ####....     3%          2    None
 Sticks to Snakes         Tmut           ####....     4%          2    None
 Flaming Arrows           Chrm/Fire      ###.....     8%          2    None
 False Image              Hex/Summ       ####....     8%          3    None
 Recall                   Summ/Tloc      N/A          8%          3    None
 Conjure Flame            Conj/Fire      #####...     9%          3    None
 Mephitic Cloud           Conj/Pois/Air  #####...     9%          3    None
 Stone Arrow              Conj/Erth      #####.       9%          3    None
 Aura of Abjuration       Summ           ######....   10%         5    #####..
 Poisonous Vapours        Pois/Air       ###...       12%         2    None
 Apportation              Tloc           #.....       19%         1    None
 Iskenderun's Battlesphe  Conj/Chrm      ######..     22%         5    None
 Summon Scorpions         Summ/Pois      ####....     26%         4    ###....
 Shackle                  Hex            #.......     28%         2    None
 Fulminant Prism          Conj/Hex       #####.....   28%         4    None
 Sticky Flame             Conj/Fire      #####...     28%         4    None
 Ignite Poison            Fire/Tmut/Pois ###.....     30%         3    None
 Summon Lightning Spire   Summ/Air       #####...     30%         5    #####..
 Shadow Creatures         Summ           N/A          45%         6    ######.
 Beckoning                Tloc           #.........   50%         3    None
 Inner Flame              Hex/Fire       N/A          50%         3    None
 Tukima's Dance           Hex            #.......     50%         3    None
 Metabolic Englaciation   Hex/Ice        ####......   52%         5    #####..
 Summon Mana Viper        Hex/Summ       ####....     56%         5    #####..
 Fireball                 Conj/Fire      #####.....   63%         5    None
 Venom Bolt               Conj/Pois      #####.....   63%         5    None
 Bolt of Magma            Conj/Fire/Erth ####......   83%         5    None
 Olgreb's Toxic Radiance  Pois           #........    88%         4    ###....
 Silence                  Hex/Air        ###.......   92%         5    #####..
 Deflect Missiles         Chrm/Air       ####......   97%         6    ######.
 Simulacrum               Ice/Necr       ####......   97%         6    ######.
 Bolt of Fire             Conj/Fire      #####.....   99%         6    None
 Iron Shot                Conj/Erth      #####.....   99%         6    None
 Poison Arrow             Conj/Pois      #####.....   99%         6    None
 Borgnjor's Vile Clutch   Necr/Erth      #.........   100%        6    ######.
 Darkness                 Hex            #.........   100%        6    ######.
 Infestation              Hex/Tmut/Pois  ###......    100%        6    ######.
 Invisibility             Hex            #.......     100%        6    ######.
 Steam Barrier            Chrm/Fire      ###.......   100%        6    ######.
 Monstrous Menagerie      Summ           ######....   96%         7    #######
 Spellforged Servitor     Conj/Summ      ######....   97%         7    None
 Orb of Destruction       Conj           ######....   98%         7    None
 Malign Gateway           Summ/Tloc      ####......   100%        7    #######
 Glaciate                 Conj/Ice/Air   ######....   100%        8    None
 Summon Horrible Things   Summ           ######....   100%        8    #######
 Time Stop                Chrm/Tloc      N/A          100%        8    #######


Dungeon Overview and Level Annotations

Branches:
Dungeon (12/12)            Temple (1/1) D:5            Lair (6/6) D:7
  Swamp (3/3) Lair:4       Spider (2/3) Lair:4        Slime (0/5) Lair:6
    Orc (1/1) D:9             Elf (1/3) Orc          Vaults (0/3) D:12
 Depths (0/5) D:12

Altars:
Ashenzari
Cheibriados
Dithmenos
Elyvilon
Fedhas
Gozag
Hepliaklqana
Kikubaaqudgha
Lugonu
Makhleb
Nemelex Xobeh
Okawaru
Qazlal
Ru
Sif Muna
Trog
Uskayaw
Vehumet
Wu Jian
Xom
Yredelemnul
Zin
The Shining One
Beogh
Jiyva

Shops:
D:10 =   Orc (*?

Annotations:
D:10 2 transporters, Lenha2's ghost, journeyman FrCj
D:12 exclusions: downstairs and 5 more exclusions, dscm's ghost, journeyman OpAc
Lair:2 1 runed door
Swamp:2 1 runed translucent door, Gokhumny's ghost, adept GnFi
Spider:2 exclusion: orange crystal statue
Elf:1 Bai Suzhen


Innate Abilities, Weirdness & Mutations

You have claws for feet.
You are mostly covered in yellow scales. (AC +3)
A demonic guardian rushes to your aid.
You are very robust. (+20% HP)
When hurt, damage is shared between your health and your magic reserves.


Message History

The shard of ice misses the deep elf knight.
The shard of ice misses the fire elemental.
The deep elf knight barely misses you.
The deep elf knight hits you but does no damage.
The +1 war axe of electrocution hits you.
* * * LOW HITPOINT WARNING * * *
The deep elf knight points at you and mumbles some strange words.
The orb of energy hits you!!
* * * LOW HITPOINT WARNING * * *
Casting: Throw Icicle (safe; 3% risk of failure)
Confirm with . or Enter, or press ? or * to list all spells.
Aiming: Throw Icicle (safe; 3% risk of failure)
Press: ? - help, Shift-Dir - straight line, f/p - deep elf knight
Aim: a deep elf knight, wielding a +0 long sword (almost dead, fast, inner flame)
You feel a surge of power!
The shard of ice hits the deep elf knight!!
The deep elf knight explodes!
You resist. The fiery explosion engulfs you.
* * * LOW HITPOINT WARNING * * *
The fiery explosion engulfs the +1 war axe of electrocution.
The +1 war axe of electrocution resists.
The +1 war axe of electrocution is almost destroyed.
The fiery explosion engulfs the fire elemental.
The fire elemental completely resists.
The fire elemental is heavily damaged.
The fiery explosion engulfs the deep elf knight!
The deep elf knight is heavily wounded.
The fiery explosion engulfs the earth elemental.
The earth elemental completely resists.
Sif Muna accepts your kill.
The deep elf knight is engulfed in blazing flames.
The deep elf knight hits you with a +0 short sword!
* * * LOW HITPOINT WARNING * * *
The +1 war axe of electrocution is engulfed in blazing flames.
The +1 war axe of electrocution hits you but does no damage.
Casting: Throw Icicle (safe; 3% risk of failure)
Confirm with . or Enter, or press ? or * to list all spells.
Okay, then.
Really quaff
M - 4 potions of heal wounds {@q2 !q}?
You feel much better. The fire elemental hits you.
The fire elemental burns you! You resist.
* * * LOW HITPOINT WARNING * * *
The +1 war axe of electrocution is engulfed in blazing flames.
The +1 war axe of electrocution barely misses you.
The deep elf mage casts a spell.
The deep elf mage blinks!
The deep elf knight is engulfed in blazing flames.
The deep elf knight hits you but does no damage.
The fire elemental hits you. The fire elemental burns you! You resist.
* * * LOW HITPOINT WARNING * * *
The +1 war axe of electrocution is engulfed in blazing flames.
The deep elf knight is engulfed in blazing flames.
You kill the deep elf knight!
Sif Muna accepts your kill.
The earth elemental hits you but does no damage.
Your ice devil hits the earth elemental.
Your ice devil freezes the earth elemental.
The earth elemental completely resists.
Okay, then.
Really read
d - 14 scrolls of teleportation {@r3 !r}?
As you read the scroll of teleportation {@r3 !r}, it crumbles to dust.
You feel strangely unstable.
You feel less invigorated.
The +1 war axe of electrocution hits you!
* * * LOW HITPOINT WARNING * * *
You hear a loud twanging sound.
An arrow appears from out of thin air!
The arrow hits you!
* * * LOW HITPOINT WARNING * * *
The deep elf mage mumbles some strange words.
Your ice devil hits the earth elemental but does no damage.
A deep elf mage comes into view.
It is wielding the +1 halberd "Corycs" {drain, +Rage rPois SInv}.
The deep elf mage shouts!
The deep elf high priest mumbles some strange prayers to its god.
The deep elf high priest begins emitting a brilliant aura!
The deep elf mage is empowered by the deep elf high priest's aura! x2
The deep elf mage gestures wildly while chanting.
The deep elf mage blinks!
Sif Muna accepts your kill.
Reactivating autopickup.
You see here Sif Muna's Papyrus of Calling.
Sif Muna grants you a gift!
You feel a bit more experienced. The earth elemental closely misses you.
The +1 war axe of electrocution hits you but does no damage.
The deep elf mage casts a spell.
Your ice devil barely misses the earth elemental.
The deep elf mage moves out of view.
You see here Sif Muna's Papyrus of Calling.
Press: ? - help, v - describe, . - travel, g - get item You see here Sif Muna's Papyrus of Calling.
You pick up Sif Muna's Papyrus of Calling and begin reading...
You add the spells Recall and Summon Mana Viper to your library.
The fire elemental barely misses you.
The +1 war axe of electrocution hits you but does no damage.
You are electrocuted!!
* * * LOW HITPOINT WARNING * * *
The deep elf mage gestures wildly while chanting.
The fire elemental hits you. The fire elemental burns you! You resist.
* * * LOW HITPOINT WARNING * * *
Your ice devil misses the fire elemental.
The earth elemental hits you!!
You die...

##.))%)%)§
##r.#4§#.°#
##○re'....°
##)°☼e'%....e
##§.4..#88#88#
#§§§%r.########
#.§4.%........+
#(EE4.........#
#.@...........#
#.............#
##...........#
##.........##
##.).....#+
##.....##
#######


You could see a deep elf high priest, an earth elemental, a hellwing, an ice
devil, a deep elf mage, a fire elemental, 3 hell rats, a +1 war axe of
electrocution and 2 friendly ice devils.

Vanquished Creatures
  Asterion (Spider:1)
  Frances (Elf:1)
  2 orc warlords (Orc)
  3 entropy weavers
  A deep elf high priest (Elf:1)
  8 hydras
  Harold (D:9)
  An ogre mage (D:12)
  A ghost crab (Swamp:2)
  2 two-headed ogres
  2 centaur warriors
  3 alligators (Swamp:2)
  A dancing weapon (Elf:1)
  A queen ant (Lair:6)
  7 orc high priests
  A deep troll (D:12)
  4 deep elf knights (Elf:1)
  3 death drakes (Swamp:1)
  A swamp dragon (Swamp:1)
  A deep elf archer (Elf:1)
  Pikel (D:5)
  A wizard (D:12)
  A cyclops (D:11)
  2 deep elf magi (Elf:1)
  3 orc knights
  4 orb spiders
  7 wolf spiders
  4 harpies (D:12)
  3 orc sorcerers (Orc)
  2 ugly things
  3 centaur zombies
  3 elephants (Lair:6)
  The ghost of Rwicked the Basher, a novice GrFi of Okawaru (D:7)
  A moth of wrath (Spider:1)
  5 black mambas
  A torpor snail (Lair:4)
  8 cane toads
  A yaktaur (D:12)
  6 komodo dragons
  2 kobold demonologists
  A rime drake (Lair:6)
  2 demonic crawlers (Spider:1)
  8 jumping spiders
  3 trolls
  Prince Ribbit (D:7)
  A tyrant leech (Swamp:2)
  2 polar bears
  10 hornets
  5 blink frogs
  5 slime creatures
  5 dream sheep
  7 hippogriffs
  2 bog bodies
  13 spriggans
  3 tarantellas
  Sigmund (D:5)
  13 redbacks
  14 yaks
  An air elemental (Elf:1)
  A shadow (Swamp:1)
  A basilisk (Lair:3)
  2 wraiths (D:12)
  2 hungry ghosts
  A hog (Lair:3)
  A hog (shapeshifter) (D:11)
  11 vampire mosquitoes
  2 wargs (Orc)
  7 swamp worms
  2 acid dragons
  26 soldier ants
  5 crocodiles
  11 water moccasins
  4 swamp drakes
  5 porcupines
  2 sky beasts
  An ice beast (D:4)
  6 black bears
  4 slaves (D:5)
  33 orc warriors
  A necrophage (D:9)
  16 ogres
  2 phantoms
  5 boggarts (Lair:6)
  23 wolves
  4 centaurs
  10 bullfrogs
  10 big kobolds
  An earth elemental (Elf:1)
  A wyvern skeleton (D:8)
  3 scorpions
  15 killer bees
  5 wights
  10 electric eels
  3 vampire bats (D:9)
  5 crimson imps
  2 bullfrog zombies
  2 quasits
  3 hounds
  4 jellies
  20 orc priests
  2 bullfrog skeletons
  5 centaur skeletons
  A gnoll shaman (D:5)
  A hell rat (Lair:4)
  5 iguanas
  20 orc wizards
  26 worker ants
  2 hound skeletons
  A hound zombie (D:9)
  2 worker ant zombies
  5 gnolls
  19 adders
  4 river rats
  2 shadow imps
  An ooze (D:4)
  An adder skeleton (D:4)
  3 dart slugs
  A worm (D:2)
  2 leopard geckos (D:1)
  104 orcs
  A ball python (D:1)
  4 bat skeletons (D:9)
  3 bat zombies (D:9)
  9 goblins
  10 hobgoblins
  2 jackals (D:2)
  2 quokkas (D:4)
  2 bats
  2 frilled lizards
  38 kobolds
  7 rats
  A butterfly (Lair:2)
  A plant (D:12)
762 creatures vanquished.

Vanquished Creatures (collateral kills)
  Gastronok (D:9)
  A thorn hunter (Swamp:1)
  Kirke (Lair:3)
  Nessos (Lair:4)
  An entropy weaver (Lair:6)
  A yaktaur captain (D:12)
  2 hydras
  3 two-headed ogres
  A centaur warrior (D:12)
  A dancing weapon (Elf:1)
  6 death yaks (Lair:5)
  2 unseen horrors (D:12)
  A necromancer (D:12)
  A cyclops (D:11)
  3 orc knights
  A harpy (D:12)
  2 orc sorcerers (Orc)
  2 orb spiders
  An ugly thing (D:10)
  4 wolf spiders
  3 slime creatures (D:9)
  A deep elf mage (D:12)
  2 elephants (Lair:6)
  3 black mambas
  2 cane toads
  A gargoyle (D:11)
  2 demonic crawlers (Spider:2)
  A rime drake (Lair:5)
  A komodo dragon (D:7)
  A troll (D:4)
  A jumping spider (Spider:2)
  A hornet (Spider:2)
  A tengu conjurer (D:12)
  2 polar bears
  6 blink frogs
  Grinder (D:5)
  5 dream sheep
  2 bog bodies (Lair:4)
  4 hippogriffs
  2 spriggans (Lair:6)
  A tarantella (Spider:2)
  A yak (shapeshifter) (D:12)
  20 yaks
  3 basilisks
  2 redbacks
  A hungry ghost (D:5)
  A hog (Lair:3)
  2 soldier ants (Lair:6)
  A crocodile (Lair:3)
  4 water moccasins
  A porcupine (Lair:2)
  5 orc warriors
  4 ogres
  4 wolves
  A centaur (D:9)
  4 bullfrogs
  4 big kobolds
  3 wights
  2 killer bees (D:7)
  3 howler monkeys
  5 orc priests
  An orc wizard (D:9)
  2 centaur skeletons
  3 worker ants
  A hell rat (Lair:4)
  6 gnolls
  4 river rats (Lair:4)
  An adder (D:9)
  A shadow imp (D:11)
  A worm (D:5)
  9 orcs
  3 goblins
  A hobgoblin (Bailey)
  A kobold (Bailey)
  A briar patch (Swamp:1)
  A plant (D:11)
186 creatures vanquished.

Vanquished Creatures (others)
  A necromancer (D:12)
  A human (Lair:3)
  2 orcs
  28 fungi
  33 plants
  11 toadstools (Lair:2)
76 creatures vanquished.

Grand Total: 1024 creatures vanquished

Notes
Turn   | Place    | Note
-------+----------+-------------------------------------------
     0 | D:1      | MisterOstroum the Demonspawn Ice Elementalist began the
                  | quest for the Orb.
     0 | D:1      | Reached XP level 1. HP: 13/13 MP: 3/3
    83 | D:1      | Reached skill level 1 in Fighting
   160 | D:1      | Gained mutation: You are partially covered in yellow
                  | scales. (AC +2) [demonic ancestry]
   160 | D:1      | Reached XP level 2. HP: 15/21 MP: 1/5
  1024 | D:2      | Found an iron altar of Okawaru.
  1069 | D:2      | Gained mutation: You have sharp toenails. [demonic
                  | ancestry]
  1069 | D:2      | Reached XP level 3. HP: 26/26 MP: 2/6
  1260 | D:2      | Found a shattered altar of Ashenzari.
  1672 | D:3      | Found an iron altar of Okawaru.
  1673 | D:3      | Found a corrupted altar of Lugonu.
  1674 | D:3      | Found a sacrificial altar of Ru.
  1678 | D:3      | Found a shadowy altar of Dithmenos.
  1730 | D:3      | Gained mutation: A weak demonic guardian rushes to your
                  | aid. [demonic ancestry]
  1730 | D:3      | Reached XP level 4. HP: 26/32 MP: 7/7
  1767 | D:3      | Noticed an ogre
  1772 | D:3      | Learned a level 2 spell: Throw Frost
  1776 | D:3      | Learned a level 3 spell: Ozocubu's Armour
  1782 | D:3      | Killed an ogre
  1782 | D:3      | Reached skill level 1 in Slings
  1782 | D:3      | Reached XP level 5. HP: 37/37 MP: 1/9
  1948 | D:3      | Found a bloodstained altar of Trog.
  2460 | D:3      | Reached skill level 1 in Short Blades
  2610 | D:3      | Found an opulent altar of Gozag.
  2940 | D:4      | Noticed a hippogriff
  2961 | D:4      | Reached XP level 6. HP: 35/44 MP: 5/10
  3211 | D:4      | Got an encrusted plate armour
  3327 | D:4      | Found the amulet of Vitality {Regen HP+25}
  3366 | D:4      | Noticed a troll
  3402 | D:4      | Killed a troll
  3402 | D:4      | Reached skill level 5 in Ice Magic
  3402 | D:4      | Gained mutation: When hurt, damage is shared between your
                  | health and your magic reserves. [demonic ancestry]
  3402 | D:4      | Reached XP level 7. HP: 52/52 MP: 1/11
  4460 | D:5      | Entered Level 5 of the Dungeon
  4513 | D:5      | Reached skill level 5 in Short Blades
  4513 | D:5      | Reached XP level 8. HP: 60/60 MP: 10/12
  4561 | D:5      | Noticed Pikel
  4577 | D:5      | Killed Pikel
  4577 | D:5      | Reached skill level 5 in Fighting
  4875 | D:5      | Noticed Grinder
  4944 | D:6      | Noticed a hippogriff
  4955 | D:6      | Killed a hippogriff
  5064 | D:6      | Noticed a hippogriff
  5077 | D:5      | Killed a hippogriff
  5077 | D:5      | Gained mutation: You have razor-sharp toenails. [demonic
                  | ancestry]
  5077 | D:5      | Reached XP level 9. HP: 52/68 MP: 1/14
  5093 | D:5      | Learned a level 4 spell: Summon Ice Beast
  5239 | D:5      | Found a shimmering altar of Xom.
  5239 | D:5      | Found a glowing silver altar of Zin.
  5239 | D:5      | Noticed an angel
  5252 | D:5      | Found a staircase to the Ecumenical Temple.
  5272 | Temple   | Entered the Ecumenical Temple
  5541 | D:5      | Reached skill level 1 in Summonings
  5581 | D:5      | Noticed Sigmund
  5613 | D:5      | Killed Sigmund
  5848 | D:5      | Killed Grinder
  6521 | D:6      | Found a shimmering blue altar of Sif Muna.
  6648 | D:6      | Became a worshipper of Sif Muna the Loreminder
  6965 | D:6      | Found a snail-covered altar of Cheibriados.
  7350 | D:7      | Noticed a two-headed ogre
  7367 | D:7      | Noticed Prince Ribbit
  7375 | D:7      | Killed a two-headed ogre
  7375 | D:7      | Gained mutation: A demonic guardian rushes to your aid.
                  | [demonic ancestry]
  7375 | D:7      | Reached XP level 10. HP: 76/76 MP: 1/16
  7380 | D:7      | Killed Prince Ribbit
  7380 | D:7      | Reached * piety under Sif Muna
  7543 | D:7      | Found a staircase to the Lair.
  7544 | D:7      | Reached skill level 5 in Summonings
  7632 | D:7      | Found a basalt altar of Yredelemnul.
  7860 | D:7      | Found a runed translucent gate.
  7860 | D:7      | Found a runed translucent gate.
  7860 | D:7      | Found a runed translucent gate.
  7860 | D:7      | Noticed Rwicked's ghost (novice GrFi)
  7861 | D:7      | Identified the +2 whip "Ahoupes" {elec, MP-9 Str+3}
  8036 | D:7      | Killed Rwicked's ghost
  8036 | D:7      | Reached ** piety under Sif Muna
  8036 | D:7      | Received a gift from Sif Muna
  8300 | D:8      | Found a flagged portal.
  8321 | Bailey   | Entered a bailey
  8574 | Bailey   | Noticed an orc knight
  8601 | Bailey   | Killed an orc knight
  8604 | Bailey   | Identified the +7 war axe of Skirmishing {holy, *Corrode
                  | rElec rN+ Stlth+}
  9415 | D:8      | Reached XP level 11. HP: 83/83 MP: 13/17
  9762 | Lair:1   | Entered Level 1 of the Lair of Beasts
  9770 | Lair:1   | Found a gate leading to a gauntlet.
  9784 | Gauntlet | Entered a Gauntlet
  9784 | Gauntlet | Found a transporter.
  9784 | Gauntlet | Found a transporter.
  9813 | Gauntlet | Found a transporter.
  9817 | Gauntlet | Found a transporter.
  9827 | Gauntlet | Found a transporter.
  9831 | Gauntlet | Found a transporter.
  9843 | Gauntlet | Found a transporter.
  9850 | Gauntlet | Noticed a ghost crab
  9862 | Gauntlet | Found a transporter.
  9864 | Gauntlet | Found the +2 pair of boots of the Assassin {Detection Stab+
                  | Stlth++}
  9868 | Gauntlet | Found a transporter.
  9872 | Gauntlet | Found a transporter.
  9873 | Gauntlet | Noticed a catoblepas
  9882 | Gauntlet | Found a transporter.
  9886 | Gauntlet | Found a transporter.
  9914 | Gauntlet | Noticed a sixfirhy
 10257 | Lair:2   | Identified Sif Muna's Compendium of Cloudy Ignition (Sif
                  | Muna gifted it to you on level 2 of the Lair of Beasts)
 10257 | Lair:2   | Received a gift from Sif Muna
 10383 | Lair:2   | Reached skill level 5 in Spellcasting
 10780 | Lair:2   | Got a thick robe
 11040 | Lair:2   | Reached *** piety under Sif Muna
 11222 | Lair:2   | Identified the cursed +0 robe "Ibruroh" {rPois Slay+3} (You
                  | found it on level 2 of the Lair of Beasts)
 11352 | Lair:2   | Found a runed door.
 11918 | Lair:1   | Reached skill level 1 in Evocations
 12133 | Lair:2   | Noticed a seven-headed hydra
 12141 | Lair:2   | Killed a seven-headed hydra
 12141 | Lair:2   | Reached skill level 1 in Charms
 12280 | Lair:3   | Noticed Kirke
 12325 | Lair:3   | Killed Kirke
 12462 | Lair:3   | Gained mutation: You are mostly covered in yellow scales.
                  | (AC +3) [demonic ancestry]
 12462 | Lair:3   | Reached XP level 12. HP: 91/91 MP: 4/20
 12801 | Lair:3   | Noticed a four-headed hydra
 12808 | Lair:3   | Killed a four-headed hydra
 13181 | Lair:4   | Found a staircase to the Swamp.
 13187 | Lair:4   | Identified Sif Muna's Reference Book on Summoning and
                  | Flight (Sif Muna gifted it to you on level 4 of the Lair of
                  | Beasts)
 13187 | Lair:4   | Received a gift from Sif Muna
 13195 | Lair:4   | Learned a level 3 spell: Call Canine Familiar
 13714 | Lair:4   | Noticed Nessos
 13796 | Lair:4   | Killed Nessos
 13862 | Lair:4   | Found a hole to the Spider Nest.
 14509 | Lair:5   | Noticed a seven-headed hydra
 14518 | Lair:5   | Killed a seven-headed hydra
 14755 | Lair:5   | Noticed a death yak
 14757 | Lair:5   | Noticed a death yak
 14757 | Lair:5   | Noticed a death yak
 14758 | Lair:5   | Noticed a death yak
 14764 | Lair:5   | Killed a death yak
 14764 | Lair:5   | Reached skill level 5 in Dodging
 14764 | Lair:5   | Reached skill level 5 in Evocations
 14766 | Lair:5   | Noticed a death yak
 14767 | Lair:5   | Noticed a death yak
 14767 | Lair:5   | Killed a death yak
 14807 | Lair:5   | Killed a death yak
 14811 | Lair:5   | Killed a death yak
 14811 | Lair:5   | Reached skill level 5 in Charms
 14855 | Lair:5   | Killed a death yak
 14876 | Lair:5   | Killed a death yak
 15486 | D:9      | Found an ancient bone altar of Kikubaaqudgha.
 15803 | D:9      | Identified the cursed +0 leather armour of Waamahes {Str+6}
 15907 | D:9      | Found a glowing golden altar of the Shining One.
 16089 | D:9      | Found a staircase to the Orcish Mines.
 16118 | D:9      | Gained mutation: You have claws for feet. [demonic
                  | ancestry]
 16118 | D:9      | Reached XP level 13. HP: 82/99 MP: 6/21
 16182 | D:9      | Found a roughly hewn altar of Beogh.
 16217 | D:9      | Noticed Harold
 16240 | D:9      | Killed Harold
 16256 | D:9      | Noticed Gastronok
 16266 | D:9      | Killed Gastronok
 16375 | D:9      | Found the +9 staff of Olgreb {rPois}
 16380 | D:9      | Found a runed gate.
 16381 | D:9      | Found a runed door.
 16403 | D:9      | Found a runed gate.
 16403 | D:9      | Found a runed gate.
 16411 | D:9      | Found a runed door.
 16476 | D:9      | Received a gift from Sif Muna
 16602 | D:10     | Entered Level 10 of the Dungeon
 16811 | D:10     | Found Qeum's Jewellery Shop.
 16917 | D:10     | Found a transporter.
 16918 | D:10     | Noticed Lenha2's ghost (journeyman FrCj)
 16930 | D:10     | Found a transporter.
 18022 | D:11     | Reached **** piety under Sif Muna
 18916 | D:9      | Identified Sif Muna's Handbook of Snow (Sif Muna gifted it
                  | to you on level 9 of the Dungeon)
 18916 | D:9      | Received a gift from Sif Muna
 18998 | Orc      | Entered the Orcish Mines
 19307 | Orc      | Reached skill level 10 in Short Blades
 19764 | Orc      | Found a staircase to the Elven Halls.
 20459 | Orc      | Noticed an orc warlord
 20480 | Orc      | Killed an orc warlord
 20515 | Orc      | Found a roughly hewn altar of Beogh.
 20710 | Orc      | Identified Sif Muna's Easy Hermeneutics (Sif Muna gifted it
                  | to you in the Orcish Mines)
 20710 | Orc      | Received a gift from Sif Muna
 20805 | Orc      | Found a roughly hewn altar of Beogh.
 20807 | Orc      | Reached skill level 1 in Invocations
 20923 | Orc      | Learned a level 4 spell: Ice Form
 20930 | Orc      | Learned a level 6 spell: Freezing Cloud
 20959 | Orc      | Found Imel's Distillery.
 21116 | Orc      | Gained mutation: You are robust. (+10% HP) [demonic
                  | ancestry]
 21116 | Orc      | Reached XP level 14. HP: 118/118 MP: 14/23
 21155 | Orc      | Found Qemutt's Magic Scroll Shop.
 21234 | Orc      | Noticed an orc warlord
 21246 | Orc      | Killed an orc warlord
 21246 | Orc      | Reached skill level 1 in Air Magic
 21439 | Orc      | Found Qirooc's Assorted Antiques.
 21802 | Orc      | Found Usmammu's Antique Weapon Shop.
 22004 | Orc      | Reached skill level 5 in Invocations
 22179 | Orc      | Bought a scroll of immolation for 49 gold pieces
 22179 | Orc      | Bought a scroll of fear for 70 gold pieces
 22179 | Orc      | Bought a scroll of teleportation for 42 gold pieces
 22179 | Orc      | Bought a scroll of fog for 28 gold pieces
 22179 | Orc      | Bought a scroll of enchant weapon for 105 gold pieces
 22190 | Orc      | Bought a potion of mutation for 128 gold pieces
 22190 | Orc      | Bought a potion of curing for 40 gold pieces
 22190 | Orc      | Bought a potion of invisibility for 128 gold pieces
 22190 | Orc      | Bought a potion of magic for 80 gold pieces
 22190 | Orc      | Bought a potion of curing for 40 gold pieces
 22190 | Orc      | Bought a potion of might for 64 gold pieces
 22190 | Orc      | Bought 2 potions of curing for 80 gold pieces
 22190 | Orc      | Bought a potion of lignification for 48 gold pieces
 22190 | Orc      | Bought a potion of flight for 64 gold pieces
 22190 | Orc      | Bought a potion of berserk rage for 48 gold pieces
 22190 | Orc      | Bought 2 potions of heal wounds for 160 gold pieces
 22327 | D:12     | Entered Level 12 of the Dungeon
 22344 | D:12     | Reached skill level 10 in Ice Magic
 22394 | D:12     | Reached skill level 1 in Transmutations
 22582 | D:12     | Found a runed translucent door.
 22585 | D:12     | Noticed dscm's ghost (journeyman OpAc)
 22785 | D:12     | Identified Oruask's Grimoire of the Escort (Sif Muna gifted
                  | it to you on level 12 of the Dungeon)
 22785 | D:12     | Received a gift from Sif Muna
 23117 | D:12     | Found a staircase to the Depths.
 23117 | D:12     | Noticed a fire giant
 23330 | D:12     | Found a gate to the Vaults.
 23332 | D:12     | HP: 8/171 [two-headed ogre/+0 giant club (6)]
 23344 | D:12     | HP: 2/171 [two-headed ogre/+0 giant club (12)]
 23862 | D:12     | Got a brightly glowing hat
 23875 | D:12     | Got a twisted shortbow
 24195 | D:12     | Identified the -1 hat of Hedonism {rPois} (You found it on
                  | level 12 of the Dungeon)
 24205 | D:12     | Identified the +8 shortbow of Goden {freeze, Int+2} (You
                  | found it on level 12 of the Dungeon)
 24433 | D:8      | Identified the +5 plate armour of Insecurity {rElec Str+4
                  | Int-2} (You found it on level 4 of the Dungeon)
 24628 | Spider:1 | Entered Level 1 of the Spider Nest
 24698 | Spider:1 | Got a faintly glowing lead ring
 24716 | Spider:1 | Learned a level 4 spell: Throw Icicle
 24737 | Spider:1 | Identified the ring "Dabutane" {+Fly Str+2} (You found it
                  | on level 1 of the Spider Nest)
 25231 | Spider:1 | Got a polished dagger
 25668 | Spider:1 | Noticed Asterion
 25679 | Spider:1 | Noticed a balrug
 25679 | Spider:1 | Killed Asterion
 26107 | Spider:2 | Received a gift from Sif Muna
 26461 | Spider:2 | Reached skill level 10 in Fighting
 26511 | Spider:2 | Reached XP level 15. HP: 126/126 MP: 22/25
 26516 | Spider:2 | Reached skill level 5 in Conjurations
 26613 | Spider:2 | Identified the +0 dagger of Charity {pierce, rElec MR+}
                  | (You found it on level 1 of the Spider Nest)
 27564 | Lair:6   | Entered Level 6 of the Lair of Beasts
 28229 | Lair:6   | Received a gift from Sif Muna
 28883 | Lair:6   | Got a dazzling ring mail
 28894 | Lair:6   | Identified the +0 ring mail of Okawaru's Indignation {rN++
                  | SInv Stlth-} (You found it on level 6 of the Lair of
                  | Beasts)
 29770 | Lair:6   | Reached ***** piety under Sif Muna
 29923 | Lair:6   | Found a staircase to the Slime Pits.
 29924 | Lair:6   | Found a viscous altar of Jiyva.
 30053 | Lair:6   | Got a distressingly furry ring mail
 30241 | Swamp:1  | Entered Level 1 of the Swamp
 30268 | Swamp:1  | Noticed a thorn hunter
 30304 | Swamp:1  | Killed a thorn hunter
 30718 | Swamp:1  | Reached skill level 1 in Armour
 30935 | Swamp:1  | Identified the cursed +0 ring mail "Cyukk" {-Cast rCorr
                  | Str-5 Dex+8} (You found it on level 6 of the Lair of
                  | Beasts)
 30954 | Swamp:1  | Got a pitted turquoise ring
 30956 | Swamp:1  | Identified the ring of Zoz Genn {Ice rN+} (You found it on
                  | level 1 of the Swamp)
 31197 | Swamp:1  | Identified Sif Muna's Catalogue of Mutagenic Attacks (Sif
                  | Muna gifted it to you on level 1 of the Swamp)
 31197 | Swamp:1  | Received a gift from Sif Muna
 32948 | Swamp:2  | Found a runed translucent door.
 32979 | Swamp:2  | Noticed Gokhumny's ghost (adept GnFi)
 33044 | Swamp:2  | Gained mutation: You are very robust. (+20% HP) [demonic
                  | ancestry]
 33044 | Swamp:2  | Reached XP level 16. HP: 128/139 MP: 12/28
 33102 | Swamp:3  | Entered Level 3 of the Swamp
 33442 | Elf:1    | Entered Level 1 of the Elven Halls
 33488 | Elf:1    | Noticed Frances
 33496 | Elf:1    | Killed Frances
 33653 | Elf:1    | Noticed Bai Suzhen
 33797 | Elf:1    | Identified the +7 halberd of Eternal Vigilance {antimagic,
                  | rN+ Dex+4}
 33818 | Elf:1    | Identified the +1 halberd "Corycs" {drain, +Rage rPois
                  | SInv}
 33818 | Elf:1    | Identified Sif Muna's Papyrus of Calling (Sif Muna gifted
                  | it to you on level 1 of the Elven Halls)
 33818 | Elf:1    | Received a gift from Sif Muna
 33819 | Elf:1    | HP: 6/171 [fire elemental (4)]
 33819 | Elf:1    | Annihilated by an earth elemental

Skill      XL: |  1  2  3  4  5  6  7  8  9 10 11 12 13 14 15 16 |
---------------+-------------------------------------------------+-----
Fighting       | 1 2 3 4 5 6 7 8 9 10 | 10.0
Ice Magic      | 3 4 5 7 8 9 10 | 10.6
Slings         | 1 2 3 |  3.6
Spellcasting   | 3 4 5 6 7 8 |  8.1
Short Blades   | 1 3 5 6 7 8 9 10 | 10.0
Conjurations   | 3 4 8 9 |  9.2
Summonings     | 4 7 9 |  9.8
Dodging        | 3 6 7 9 |  9.1
Evocations     | 2 5 6 |  6.8
Charms         | 2 5 6 |  6.4
Stealth        | 3 4 |  4.7
Invocations    | 2 8 |  8.1
Air Magic      | 3 4 |  4.1
Transmutations | 4 |  4.4
Armour         | 2 3 |  3.1

Action                   |  1- 3 |  4- 6 |  7- 9 | 10-12 | 13-15 | 16-18 || total
-------------------------+-------+-------+-------+-------+-------+-------++-------
Melee: Dagger            |    30 |    45 |   156 |   171 |       |       ||   402
       Kick              |     3 |     7 |    26 |       |   182 |       ||   218
       Rapier            |       |       |       |   252 |   786 |     4 ||  1042
       Unarmed           |       |       |       |     1 |    53 |       ||    54
       Staff             |       |       |       |       |    53 |       ||    53
 Fire: Hunting sling     |    18 |    34 |    33 |    32 |    25 |       ||   142
       Blowgun           |       |       |       |     6 |    20 |       ||    26
Throw: Stone             |    11 |       |     5 |       |     1 |       ||    17
       Tomahawk          |       |       |       |       |    51 |       ||    51
 Cast: Freeze            |    51 |    50 |    42 |   106 |   312 |     2 ||   563
       Throw Frost       |       |    21 |    90 |   154 |   157 |       ||   422
       Ozocubu's Armour  |       |       |    11 |    37 |    84 |     2 ||   134
       Summon Ice Beast  |       |       |     7 |    24 |    41 |       ||    72
       Call Canine Famil |       |       |       |     8 |    30 |     1 ||    39
       Throw Icicle      |       |       |       |       |   162 |    33 ||   195
       Ice Form          |       |       |       |       |     3 |       ||     3
Invok: Divine Energy     |       |       |     1 |       |       |       ||     1
       Channel Magic     |       |       |       |       |     2 |     2 ||     4
       Forget Spell      |       |       |       |       |     1 |       ||     1
 Abil: End Transformatio |       |       |       |       |     3 |       ||     3
Evoke: Wand              |       |       |       |     8 |    14 |     2 ||    24
       Lamp of fire      |       |       |       |     1 |     1 |     1 ||     3
       Phantom mirror    |       |       |       |     1 |       |       ||     1
       Staff of Olgreb   |       |       |       |       |    36 |       ||    36
       Phial of floods   |       |       |       |       |       |     1 ||     1
  Use: Scroll            |     2 |     2 |     6 |    15 |    17 |     5 ||    47
       Potion            |       |       |       |     1 |     4 |     6 ||    11
 Stab: Sleeping          |     1 |       |       |     6 |     7 |       ||    14
       Distracted        |       |       |     2 |     5 |     5 |       ||    12
  Eat: Chunk             |     4 |    10 |    24 |    50 |    91 |     1 ||   180
       Ration            |       |       |       |     2 |     8 |     1 ||    11
Armor: Robe              |     3 |       |       |     5 |       |       ||     8
       Leather armour    |    15 |    34 |    79 |   203 |   368 |       ||   699
       Skin              |       |       |       |       |    35 |       ||    35
       Ring mail         |       |       |       |       |   106 |    29 ||   135
Dodge: Dodged            |    46 |    34 |   102 |   328 |  1001 |    38 ||  1549
